 Dungeon Crawl Stone Soup version 0.24.0-124-g2791043dd8 (webtiles) character file.

Game seed: 8933658402569359475, levelgen mode: deterministic

884 manon the Gusty (level 8, -2/61 HPs)
             Began as a Tengu Air Elementalist on Feb 14, 2020.
             Slain by an ogre
             ... wielding a +0 giant club
              (20 damage)
             ... on level 6 of the Dungeon on Feb 15, 2020.
             The game lasted 00:43:47 (7216 turns).

manon the Gusty (Tengu Air Elementalist)            Turns: 7216, Time: 00:43:48

Health: -2/61      AC: 24    Str:  8      XL:     8   Next: 5%
Magic:  2/13       EV:  2    Int: 17 (19) God:
Gold:   214        SH:  0    Dex: 12 (14) Spells: 5/13 levels left

rFire    . . .     SeeInvis .   w - +3 spear
rCold    . . .     Gourm    .   (no shield)
rNeg     + + +     Faith    .   (armour currently unavailable)
rPois    +         Spirit   .   (helmet currently unavailable)
rElec    .         Reflect  .   (cloak currently unavailable)
rCorr    .         Harm     .   (gloves currently unavailable)
MR       .....     NoTele   +   (boots unavailable)
Stlth    +++.......             b - amulet of the acrobat
HPRegen  0.20/turn              (no ring)
MPRegen  0.13/turn              (no ring)

@: tree-form, hasted, very quick
A: able to fly
a: Stop Flying


You were on level 6 of the Dungeon.
You were very hungry.
You were a tree.
You visited 1 branch of the dungeon, and saw 7 of its levels.

You collected 214 gold pieces.

Inventory:

Hand Weapons
 e - a +0 whip
 s - a +0 spear of pain
 w - a +3 spear (weapon)
Missiles
 l - 121 stones
 o - 46 sling bullets
 u - 3 poisoned darts (quivered)
Armour
 a - a +1 robe
 y - a +0 pair of gloves (melded)
 z - a +0 leather armour (melded)
Jewellery
 b - an amulet of the acrobat (around neck)
 g - a +3 ring of protection {unknown}
 x - an uncursed ring of stealth {unknown}
Scrolls
 f - 3 scrolls of enchant armour
 h - a scroll of amnesia
Potions
 d - a potion of heal wounds
 i - a potion of magic {unknown}
 j - 2 potions of brilliance
 k - a potion of degeneration
 m - 2 potions of curing
 t - a potion of lignification
Comestibles
 c - 6 rations


   Skills:
 - Level 2.1 Dodging
 - Level 5.0 Stealth
 + Level 3.2 Spellcasting
 + Level 7.2 Conjurations
 + Level 7.2 Air Magic


You had 5 spell levels left.
You knew the following spells:

 Your Spells              Type           Power        Failure   Level  Hunger
a - Shock                 Conj/Air       ####         1%          1    None
b - Airstrike             Air            ####......   9%          4    ####...
d - Static Discharge      Conj/Air       ####....     2%          3    ###....

Your spell library contained the following spells:

 Spells                   Type           Power        Failure   Level  Hunger
 Swiftness                Chrm/Air       ###.....     6%          2    ##.....
 Lightning Bolt           Conj/Air       ####......   24%         5    ######.


Dungeon Overview and Level Annotations

Branches:
Dungeon (7/15)
 Temple: D:4-7

Altars:
Makhleb
Wu Jian

Annotations:
D:3 1 runed translucent door, louiscrawler's ghost, amateur GrFE
D:4 2 transporters, Edmund
D:5 Prince Ribbit
D:6 exclusion: 2 centaurs


Innate Abilities, Weirdness & Mutations

((You have a beak for a mouth.))
((You have claws for feet.))
You can fly continuously.


Message History

You hit the ogre.
The ogre is lightly wounded.
You hit the ogre.
The ogre is moderately wounded.
The ogre hits you but does no damage.
You barely miss the ogre.
The ogre is moderately wounded.
You hit the ogre.
The ogre is moderately wounded.
The ogre hits you with a +0 giant club.
* * * LOW HITPOINT WARNING * * *
You hit the ogre.
The ogre is heavily wounded.
The ogre hits you but does no damage.
You completely miss the ogre.
The ogre is heavily wounded.
You barely miss the ogre.
The ogre is heavily wounded.
The ogre hits you with a +0 giant club!!
You die...

# ## .. .##
.# ..#..##
## .......
#.###...#
#.#♣.#
#O#.....#
####h#######
#....#
#.#<.#
#(.....#
#.#.##.# #
#. .# #. .#


You could see a black bear and an ogre.

Vanquished Creatures
  An ogre (D:5)
  2 centaurs (D:5)
  A bullfrog (D:6)
  2 scorpions
  3 orc priests (D:5)
  A hound (D:5)
  A centaur skeleton (D:5)
  Natasha (D:4)
  A worker ant (D:5)
  2 hound skeletons (D:5)
  6 adders
  9 gnolls
  A shadow imp (D:5)
  3 worms
  5 dart slugs
  3 leopard geckos
  12 orcs
  5 bats
  A giant cockroach (D:1)
  9 goblins
  5 hobgoblins
  7 jackals
  A quokka (D:3)
  7 frilled lizards
  13 kobolds
  A leopard gecko skeleton (D:5)
  5 rats
108 creatures vanquished.

Notes
Turn   | Place    | Note
-------+----------+-------------------------------------------
     0 | D:1      | manon the Tengu Air Elementalist began the quest for the
                  | Orb.
     0 | D:1      | Reached XP level 1. HP: 10/10 MP: 4/4
   217 | D:1      | Reached XP level 2. HP: 15/15 MP: 0/6
  1012 | D:1      | Reached XP level 3. HP: 19/19 MP: 4/7
  1415 | D:2      | Found an ornate altar of the Wu Jian Council.
  1690 | D:2      | Reached XP level 4. HP: 24/24 MP: 4/8
  1748 | D:2      | Found a burning altar of Makhleb.
  2198 | D:2      | Reached skill level 5 in Air Magic
  2198 | D:2      | Gained mutation: You can fly continuously. [Tengu growth]
  2198 | D:2      | Reached XP level 5. HP: 20/28 MP: 5/9
  2203 | D:2      | Learned a level 3 spell: Static Discharge
  3562 | D:3      | Reached skill level 5 in Conjurations
  3812 | D:3      | Found a runed translucent door.
  3815 | D:3      | Noticed louiscrawler's ghost (amateur GrFE)
  4198 | D:4      | Found a transporter.
  4271 | D:4      | Found a transporter.
  4682 | D:4      | Noticed Edmund
  5033 | D:4      | Noticed Natasha
  5042 | D:4      | Killed Natasha
  5042 | D:4      | Reached XP level 6. HP: 16/32 MP: 0/10
  5303 | D:5      | Entered Level 5 of the Dungeon
  5970 | D:5      | Learned a level 4 spell: Airstrike
  5991 | D:5      | Reached XP level 7. HP: 34/36 MP: 5/11
  6414 | D:5      | Noticed Prince Ribbit
  6899 | D:5      | Reached skill level 5 in Stealth
  7209 | D:6      | Reached XP level 8. HP: 20/41 MP: 1/13
  7216 | D:6      | Slain by an ogre

Levels and vault maps discovered:
D:1:      lemuel_arrival_broad_hall, layout_loops_ring, minmay_tetromino_o2
D:2:      layout_basic, nicolae_overflow_hidden_temple, lemuel_round_altar
D:3:      layout_basic, ebering_ghost_reflecting_pool
D:4:      gammafunk_steamed_eel, layout_basic, gup_sewer_entry_bubbles,
          uniq_natasha, uniq_edmund
D:5:      layout_gridville, first_ration, lightli_corner_chamber,
          uniq_prince_ribbit1
D:6:      layout_loops_cross, minmay_temple_entry_offerings,
          minmay_alternating_orb
D:7:      layout_rooms, kiku_gazebo_pond_becter, overflow_temple_1_default,
          uniq_pikel, uniq_harold

Skill      XL: |  1  2  3  4  5  6  7 |
---------------+----------------------+-----
Conjurations   | 2 3 4 5 6 7 |  7.2
Stealth        | 3 4 5 |  5.0
Air Magic      | 5 6 7 |  7.2
Spellcasting   | 3 |  3.2
Dodging        | |  2.1

Action                   |  1- 3 |  4- 6 |  7- 9 || total
-------------------------+-------+-------+-------++-------
Melee: Unarmed           |     3 |       |       ||     3
       Whip              |    13 |       |       ||    13
       Kick              |     3 |       |       ||     3
       Spear             |       |    28 |    33 ||    61
       Peck              |       |       |     1 ||     1
Throw: Dart              |       |     6 |       ||     6
 Cast: Shock             |    73 |   193 |    26 ||   292
       Static Discharge  |       |       |     9 ||     9
 Abil: Fly               |       |     1 |       ||     1
  Use: Potion            |     1 |     1 |    10 ||    12
       Scroll            |       |     6 |     4 ||    10
 Stab: Sleeping          |       |     1 |     1 ||     2
  Eat: Chunk             |     2 |     4 |       ||     6
       Ration            |     1 |     3 |     1 ||     5
Armor: Robe              |     5 |     2 |       ||     7
       Skin              |    11 |    11 |    29 ||    51
       Leather armour    |       |     1 |     5 ||     6
Dodge: Dodged            |     9 |    20 |    78 ||   107
